 Dungeon Crawl Stone Soup version 0.24-a0-375-g4de66ed42b (webtiles) character file.

Game seed: 1503529998257492324

239 Shredu92 the Grave Robber (level 6, -3/50 HPs)
             Began as a Hill Orc Necromancer on May 31, 2019.
             Slain by an orc warrior
             ... wielding a cursed -3 halberd
              (15 damage)
             ... on level 4 of the Dungeon.
             The game lasted 00:18:20 (4892 turns).

Shredu92 the Grave Robber (Hill Orc Necromancer)    Turns: 4892, Time: 00:18:22

Health: -3/50      AC:  6    Str: 11    XL:     6   Next: 7%
Magic:  5/9        EV: 12    Int: 20    God:
Gold:   146        SH:  0    Dex: 11    Spells: 5/10 levels left

rFire    . . .     SeeInvis .   a - +2 short sword (protect)
rCold    + . .     Gourm    .   (no shield)
rNeg     . . .     Faith    .   g - +0 robe
rPois    .         Spirit   .   d - +1 helmet {Int+3}
rElec    .         Reflect  .   e - +0 cloak
rCorr    .         Harm     .   (no gloves)
MR       .....                  s - +0 pair of boots
Stlth    ++........             (no amulet)
HPRegen  0.16/turn              f - ring of protection from cold
MPRegen  0.11/turn              (no ring)

@: no status effects
A: no striking features
a: no special abilities


You were on level 4 of the Dungeon.
You were not hungry.

You visited 1 branch of the dungeon, and saw 4 of its levels.

You collected 146 gold pieces.

Inventory:

Hand Weapons
 a - a +2 short sword of protection (weapon)
Missiles
 q - 7 boomerangs (quivered)
Armour
 d - a +1 helmet of intelligence (worn)
 e - a +0 cloak (worn)
 g - a +0 robe (worn)
 s - a +0 pair of boots (worn)
Jewellery
 f - a ring of protection from cold (left hand)
Scrolls
 h - 2 scrolls of teleportation {unknown}
 i - 2 scrolls of remove curse
 j - a scroll of random uselessness {unknown}
 l - 3 scrolls of enchant weapon {unknown}
 m - 2 scrolls of fog
 n - 2 scrolls of identify
 o - 2 scrolls of enchant armour {unknown}
 u - a scroll of amnesia {unknown}
Potions
 b - a potion of ambrosia {unknown}
 k - a potion of might
 p - a potion of curing {unknown}
 r - a potion of invisibility
 t - a potion of cancellation {unknown}
 v - a potion of heal wounds
Comestibles
 c - 7 rations
 w - 3 chunks of flesh


   Skills:
 + Level 2.9 Fighting
 - Level 1.5 Dodging
 - Level 1.5 Stealth
 + Level 2.6 Spellcasting
 + Level 0.9 Charms
 * Level 5.7 Necromancy


You had 5 spell levels left.
You knew the following spells:

 Your Spells              Type           Power        Failure   Level  Hunger
a - Pain                  Necr           ####         1%          1    None
b - Animate Skeleton      Necr           N/A          1%          1    None
c - Regeneration          Chrm/Necr      ###.......   11%         3    ###....

Your spell library contained the following spells:

 Spells                   Type           Power        Failure   Level  Hunger
 Vampiric Draining        Necr           ####......   4%          3    ###....
 Animate Dead             Necr           N/A          14%         4    ####...
 Beastly Appendage        Tmut           #.....       16%         1    None
 Sticks to Snakes         Tmut           #.......     22%         2    ##.....
 Spider Form              Tmut/Pois      #.........   41%         3    ###....
 Ice Form                 Ice/Tmut       #.......     83%         4    ####...
 Blade Hands              Tmut           #.........   99%         5    ######.


Dungeon Overview and Level Annotations

Branches:
Dungeon (4/15)
 Temple: D:4-7

Altars:
Ashenzari
Fedhas
Qazlal


Message History

The puff of flame hits you!
Unknown command.
Aim: an orc wizard, wielding a +0 dagger and wearing a +0 robe (severely wounded, chance to defeat MR: 83%)
The orc wizard writhes in agony!
You kill the orc wizard!
You have reached level 6!
Your experience leads to an increase in your attributes!
Your base attributes are Str 11, Int 16, Dex 11.
Increase (S)trength, (I)ntelligence, or (D)exterity?
You feel clever. The orc hits you but does no damage.
The orc warrior misses you. The orc hits you but does no damage.
The orc hits you from afar with a +0 trident.
* * * LOW HITPOINT WARNING * * *
The orc hits you from afar with a +0 trident.
* * * LOW HITPOINT WARNING * * *
There is a stone staircase leading up, spattered with blood here.
The orc closely misses you.
The orc warrior hits you from afar with a cursed -3 halberd!
You die...

..####....##....##
#...# ..# ###......###
##...# .## ##.....#
##...## .# ##....##
#....# .# #.....##
##....# .
##...).[###.....#..
#.....ooo#..........
##...###..)...........
##...##
##.@).#######.. #...##
##.### . ##..## #..#
#..## #.... ##.##
..###.. #.## .## ###
### #


You could see an orc warrior and 2 orcs.

Vanquished Creatures
  An orc priest (D:3)
  2 orc wizards (D:4)
  Robin (D:3)
  2 adders (D:2)
  An ooze (D:3)
  2 worms (D:2)
  A leopard gecko (D:2)
  17 orcs
  4 bats
  5 giant cockroaches
  10 hobgoblins
  2 jackals (D:2)
  9 kobolds
  2 quokkas
  A ball python (D:2)
  3 frilled lizards
  14 goblins
  7 rats
84 creatures vanquished.

Vanquished Creatures (collateral kills)
  An adder (D:3)
  3 orcs (D:3)
  A hobgoblin (D:3)
  A bat (D:3)
6 creatures vanquished.

Grand Total: 90 creatures vanquished

Notes
Turn   | Place    | Note
-------+----------+-------------------------------------------
     0 | D:1      | Shredu92 the Hill Orc Necromancer began the quest for the
                  | Orb.
     0 | D:1      | Reached XP level 1. HP: 14/14 MP: 3/3
   301 | D:1      | Reached XP level 2. HP: 22/22 MP: 2/4
   582 | D:1      | Reached skill level 1 in Fighting
  1185 | D:2      | Reached XP level 3. HP: 24/28 MP: 0/5
  1363 | D:2      | Learned a level 1 spell: Animate Skeleton
  2057 | D:2      | Reached XP level 4. HP: 31/36 MP: 5/7
  2101 | D:2      | Found a stormy altar of Qazlal.
  2298 | D:2      | Found a shattered altar of Ashenzari.
  2300 | D:2      | Found a blossoming altar of Fedhas.
  2535 | D:3      | Reached skill level 5 in Necromancy
  2752 | D:3      | Noticed Robin
  3288 | D:3      | Reached XP level 5. HP: 42/42 MP: 5/8
  3503 | D:3      | Learned a level 3 spell: Regeneration
  3638 | D:3      | Killed Robin
  4476 | D:4      | HP: 2/42 [something (3)]
  4718 | D:4      | Noticed an orc warrior
  4887 | D:4      | Reached XP level 6. HP: 21/50 MP: 4/9
  4892 | D:4      | Slain by an orc warrior

Levels and vault maps discovered:
D:1:      shiori_shiawase, layout_basic, lemuel_flame_loot_1
D:2:      layout_rooms, nicolae_overflow_hidden_temple, serial_bayou_pond_e
D:3:      layout_basic, uniq_robin
D:4:      layout_layer_cave, chequers_temple_overflow_statue_of_worship,
          kennysheep_diamond

Skill      XL: |  1  2  3  4 |
---------------+-------------+-----
Fighting       | 1 2 |  2.9
Spellcasting   | 2 |  2.6
Necromancy     | 5 |  5.7
Dodging        | |  1.5
Stealth        | |  1.5
Charms         | |  0.9

Action                   |  1- 3 |  4- 6 || total
-------------------------+-------+-------++-------
Melee: Dagger            |     2 |       ||     2
       Unarmed           |     1 |       ||     1
       Short sword       |    17 |    26 ||    43
 Cast: Pain              |    70 |   110 ||   180
       Animate Skeleton  |     3 |    17 ||    20
  Use: Scroll            |       |     3 ||     3
       Potion            |       |     3 ||     3
  Eat: Chunk             |     5 |    10 ||    15
Armor: Robe              |    10 |    22 ||    32
Dodge: Dodged            |    27 |    39 ||    66

Table legend:
 A = Non-vault XP
 B = Vault XP
 C = Vault XP percentage of total XP
 D = Non-vault monster count
 E = Vault monster count
 F = Vault count percentage of total count
                 A         B        C        D         E       F
            +---------+---------+-------+---------+---------+-------
      Total |     303 |      39 |  11.4 |      77 |      13 |  14.4
            +---------+---------+-------+---------+---------+-------
        D:1 |      27 |       0 |   0.0 |      17 |       0 |   0.0
        D:2 |      67 |       0 |   0.0 |      21 |       0 |   0.0
        D:3 |     128 |      39 |  23.4 |      34 |      13 |  27.7
        D:4 |      81 |       0 |   0.0 |       5 |       0 |   0.0
            +---------+---------+-------+---------+---------+-------
